NWL (28 & UNDER)
SAN DIEGO SMASHERS @ BISMARCK BARONS
05/28/2028
 
TOP OF THE 1ST
San Diego Smashers batting - Pitching for Bismarck Barons : RHP Dwayne Allen
Pitching: RHP Dwayne Allen
Batting: LHB Michael Myers 0-0: Ball
1-0: Ball
2-0: Called Strike
2-1: Called Strike
2-2: Foul Ball, location: 2F
2-2: Ball
3-2: Foul Ball, location: 2F
3-2: Foul Ball, location: 2F
3-2: Base on Balls
Batting: RHB Gerald Davis 0-0: Ball
1-0: Called Strike
Michael Myers steals 2nd base
1-1: Foul Ball, location: 2F
1-2: Ball
2-2: SINGLE (Groundball, 4MD)
Michael Myers to third
Runner from 3rd tries for Home, SAFE, no throw
Batting: LHB Ethan Shaw 0-0: Called Strike
0-1: Ball
1-1: Swinging Strike
1-2: Ball
2-2: Ball
3-2: SINGLE (Flyball, 7S)
Gerald Davis to second
Batting: RHB Fred Ameris 0-0: Foul Ball, location: 2F
0-1: Fly out, F5 (Popup, 5S)
Batting: LHB Gonzalo Benítez 0-0: Ball
Gerald Davis is caught stealing 3rd base
Ethan Shaw to second
1-0: Called Strike
1-1: Called Strike
1-2: Ball
2-2: Foul Ball, location: 2F
2-2: Ball
3-2: Strikes out swinging
Top of the 1st over - 1 run(s), 2 hit(s), 0 error(s), 1 left on base; San Diego 1 - Bismarck 0
BOTTOM OF THE 1ST
Bismarck Barons batting - Pitching for San Diego Smashers : LHP Rafael Alemán
Pitching: LHP Rafael Alemán
Batting: SHB Álex Hernández 0-0: Ball
1-0: Ball
2-0: Ball
3-0: Called Strike
3-1: SINGLE (Groundball, 6) (infield hit)
Batting: RHB Mark Roy 0-0: Ball
1-0: Foul Ball, location: 2F
1-1: Fielders Choice at 2nd, 5-4 (Groundball, 56)
Batting: RHB Fernando Castellanos 0-0: Called Strike
0-1: Ball
1-1: Ball
2-1: Fly out, F3 (Popup, 3S)
Batting: SHB Jeff Chambers 0-0: Ground out 5-3 (Groundball, 25)
Bottom of the 1st over - 0 run(s), 1 hit(s), 0 error(s), 1 left on base; San Diego 1 - Bismarck 0
TOP OF THE 2ND
San Diego Smashers batting - Pitching for Bismarck Barons : RHP Dwayne Allen
Batting: RHB Ray Rogers 0-0: Ball
1-0: Ball
2-0: Ball
3-0: Called Strike
3-1: DOUBLE (Line Drive, 78D)
Batting: RHB John Nelson 0-0: Fly out, F7 (Flyball, 7)
Batting: RHB Manny Torrez 0-0: Called Strike
0-1: Swinging Strike
0-2: Hit by Pitch
Batting: RHB Dave King 0-0: Called Strike
0-1: Foul Ball, location: 2F
0-2: Foul Ball, location: 2F
0-2: Foul Ball, location: 2F
0-2: Strikes out swinging
Batting: LHB Michael Myers 0-0: Ball
1-0: DOUBLE (Flyball, 89XD)
Ray Rogers scores
Manny Torrez to third
Runner from 3rd tries for Home, throw and OUT!
Top of the 2nd over - 1 run(s), 2 hit(s), 0 error(s), 1 left on base; San Diego 2 - Bismarck 0
BOTTOM OF THE 2ND
Bismarck Barons batting - Pitching for San Diego Smashers : LHP Rafael Alemán
Batting: LHB Johnny Foley 0-0: Called Strike
0-1: Ball
1-1: Foul Ball, location: 2F
1-2: Ball
2-2: Ground out U3 (Groundball, 3)
Batting: LHB José Martínez 0-0: Called Strike
0-1: Called Strike
0-2: Foul Ball, location: 2F
0-2: Ball
1-2: Strikes out swinging
Batting: RHB Jon Krohne 0-0: Foul Ball, location: 2F
0-1: Foul Ball, location: 2F
0-2: Ball
1-2: SINGLE (Line Drive, 56D)
Batting: RHB Felipe Domínguez 0-0: Called Strike
0-1: Ball
1-1: Ball
2-1: Swinging Strike
2-2: Foul Ball, location: 2F
2-2: Ball
3-2: Strikes out swinging
Bottom of the 2nd over - 0 run(s), 1 hit(s), 0 error(s), 1 left on base; San Diego 2 - Bismarck 0
TOP OF THE 3RD
San Diego Smashers batting - Pitching for Bismarck Barons : RHP Dwayne Allen
Batting: RHB Gerald Davis 0-0: Ball
1-0: Ball
2-0: Fly out, F9 (Flyball, 89XD)
Batting: LHB Ethan Shaw 0-0: Called Strike
0-1: Ball
1-1: Ball
2-1: Foul Ball, location: 2F
2-2: Strikes out swinging
Batting: RHB Fred Ameris 0-0: Ground out 5-3 (Groundball, 56S)
Top of the 3rd over - 0 run(s), 0 hit(s), 0 error(s), 0 left on base; San Diego 2 - Bismarck 0
BOTTOM OF THE 3RD
Bismarck Barons batting - Pitching for San Diego Smashers : LHP Rafael Alemán
Batting: RHB Pancho Torres 0-0: Called Strike
0-1: Ball
1-1: Ball
2-1: Ground out 1-3 (Groundball, 13S)
Batting: SHB Álex Hernández 0-0: Swinging Strike
0-1: SINGLE (Line Drive, 7S)
Batting: RHB Mark Roy 0-0: Called Strike
0-1: SINGLE (Line Drive, 7S)
Álex Hernández to second
Batting: RHB Fernando Castellanos 0-0: Ball
1-0: DOUBLE (Line Drive, 89XD)
Álex Hernández scores
Mark Roy to third
Runner from 3rd tries for Home, SAFE, throw made home
Batting: SHB Jeff Chambers 0-0: Ball
1-0: Ball
2-0: Ball
Wild Pitch!
Fernando Castellanos to third
3-0: Called Strike
3-1: Called Strike
3-2: Base on Balls
Batting: LHB Johnny Foley 0-0: Called Strike
0-1: Ball
1-1: Foul Ball, location: 2F
1-2: Fly out, F8 (Flyball, 8RS)
Runner from 3rd tags up, SCORES, no throw
Batting: LHB José Martínez 0-0: Ball
1-0: Ball
2-0: Foul Ball, location: 2F
2-1: Foul Ball, location: 2F
2-2: Ground out 1-3 (Groundball, 15S)
Bottom of the 3rd over - 3 run(s), 3 hit(s), 0 error(s), 1 left on base; San Diego 2 - Bismarck 3
TOP OF THE 4TH
San Diego Smashers batting - Pitching for Bismarck Barons : RHP Dwayne Allen
Batting: LHB Gonzalo Benítez 0-0: Called Strike
0-1: Called Strike
0-2: Strikes out swinging
Batting: RHB Ray Rogers 0-0: Ball
1-0: Ground out 5-3 (Groundball, 56)
Batting: RHB John Nelson 0-0: Called Strike
0-1: Ball
1-1: Foul Ball, location: 2F
1-2: Ball
2-2: Ball
3-2: Strikes out swinging
Top of the 4th over - 0 run(s), 0 hit(s), 0 error(s), 0 left on base; San Diego 2 - Bismarck 3
BOTTOM OF THE 4TH
Bismarck Barons batting - Pitching for San Diego Smashers : LHP Rafael Alemán
Batting: RHB Jon Krohne 0-0: Called Strike
0-1: Ground out 6-3 (Groundball, 56)
Batting: RHB Felipe Domínguez 0-0: Swinging Strike
0-1: Ball
1-1: Ball
2-1: SINGLE (Flyball, 7LM)
Batting: RHB Pancho Torres 0-0: Ball
1-0: Ball
2-0: Called Strike
2-1: Ball
3-1: Base on Balls
Felipe Domínguez to second
Batting: SHB Álex Hernández 0-0: SINGLE (Groundball, 56D)
Felipe Domínguez to third
Pancho Torres to second
Runner from 3rd tries for Home, SAFE, no throw
Pitching: RHP Vicente Calderón
Batting: RHB Mark Roy 0-0: Called Strike
0-1: Ball
1-1: Foul Ball, location: 2F
1-2: Fly out, F8 (Line Drive, 8RD)
Runner from 2nd tags up, SAFE at 3rd, no throw
Batting: RHB Fernando Castellanos 0-0: Called Strike
0-1: Swinging Strike
0-2: Ball
1-2: Ball
2-2: Fielders Choice at 2nd, 5-4 (Groundball, 56)
Bottom of the 4th over - 1 run(s), 2 hit(s), 0 error(s), 1 left on base; San Diego 2 - Bismarck 4
TOP OF THE 5TH
San Diego Smashers batting - Pitching for Bismarck Barons : RHP Dwayne Allen
Batting: RHB Manny Torrez 0-0: Swinging Strike
0-1: Ball
1-1: Ball
2-1: Called Strike
2-2: SINGLE (Line Drive, 89M)
Batting: RHB Dave King 0-0: Ball
1-0: Swinging Strike
1-1: Foul Ball, location: 2F
1-2: Ball
2-2: Foul Ball, location: 2F
2-2: Foul Ball, location: 2F
2-2: Foul Ball, location: 2F
2-2: Ball
3-2: SINGLE (Flyball, 8LS)
Manny Torrez to second
Batting: LHB Michael Myers 0-0: Ball
1-0: DOUBLE (Line Drive, 78D)
Manny Torrez scores
Dave King to third
Pitching: RHP Neil Birss
Batting: RHB Gerald Davis 0-0: Swinging Strike
0-1: Ground out 6-3 (Groundball, 56D)
Dave King scores
Batting: LHB Ethan Shaw 0-0: Swinging Strike
0-1: Foul Ball, location: 2F
0-2: Ball
1-2: Ball
2-2: SINGLE (Line Drive, 9LS)
Michael Myers to third
Runner from 3rd tries for Home, SAFE, no throw
Batting: RHB Fred Ameris 0-0: Called Strike
0-1: Ball
1-1: Grounds into double play, 3-6-3 (Groundball, 34)
Top of the 5th over - 3 run(s), 4 hit(s), 0 error(s), 0 left on base; San Diego 5 - Bismarck 4
BOTTOM OF THE 5TH
Bismarck Barons batting - Pitching for San Diego Smashers : RHP Vicente Calderón
Batting: SHB Jeff Chambers 0-0: Called Strike
0-1: Swinging Strike
0-2: Fly out, F7 (Flyball, 7S)
Batting: LHB Johnny Foley 0-0: Ball
1-0: Ball
2-0: Ball
3-0: Base on Balls
Batting: LHB José Martínez 0-0: Called Strike
0-1: Ball
1-1: Ball
2-1: Foul Ball, location: 2F
2-2: Foul Ball, location: 2F
2-2: SINGLE (Groundball, 6D)
Johnny Foley to second
Batting: RHB Jon Krohne 0-0: Ball
Wild Pitch!
Johnny Foley to third
José Martínez to second
1-0: Swinging Strike
1-1: Foul Ball, location: 2F
1-2: Ball
2-2: Ball
3-2: Foul Ball, location: 2F
3-2: Fly out, F7 (Flyball, 7)
Runner from 3rd tags up, SCORES, no throw
Batting: RHB Felipe Domínguez 0-0: Ball
1-0: Called Strike
1-1: Foul Ball, location: 2F
1-2: Ball
2-2: Strikes out swinging
Bottom of the 5th over - 1 run(s), 1 hit(s), 0 error(s), 1 left on base; San Diego 5 - Bismarck 5
TOP OF THE 6TH
San Diego Smashers batting - Pitching for Bismarck Barons : RHP Neil Birss
Batting: LHB Gonzalo Benítez 0-0: Ball
1-0: Ground out 4-3 (Groundball, 4M)
Batting: RHB Ray Rogers 0-0: Ball
1-0: SINGLE (Line Drive, 78S)
Pinch Runner at 1st Gustavo Torres:
Batting: RHB John Nelson 0-0: Ball
1-0: Ball
2-0: Ball
3-0: Base on Balls
Gustavo Torres to second
Batting: RHB Manny Torrez 0-0: Called Strike
Gustavo Torres steals 3rd base
John Nelson to second
0-1: Ball
1-1: Called Strike
1-2: Ball
2-2: Ball
3-2: Foul Ball, location: 2F
3-2: Foul Ball, location: 2F
3-2: Ground out 4-3 (Groundball, 34)
Batting: RHB Dave King 0-0: Ball
1-0: Called Strike
1-1: Called Strike
1-2: Fly out, F8 (Flyball, 8RD)
Top of the 6th over - 0 run(s), 1 hit(s), 0 error(s), 2 left on base; San Diego 5 - Bismarck 5
BOTTOM OF THE 6TH
Bismarck Barons batting - Pitching for San Diego Smashers : RHP Vicente Calderón
Pitching: RHP Norberto Deleón
Now at 3B: Michael Aisher
Batting: RHB Pancho Torres 0-0: Called Strike
0-1: Swinging Strike
0-2: Strikes out looking
Batting: SHB Álex Hernández 0-0: Fly out, F7 (Line Drive, 7)
Batting: RHB Mark Roy 0-0: SINGLE (Flyball, 8RS)
Batting: RHB Fernando Castellanos 0-0: Called Strike
0-1: Foul Ball, location: 2F
0-2: Ball
1-2: Foul Ball, location: 2F
1-2: Ground out 4-3 (Groundball, 4)
Bottom of the 6th over - 0 run(s), 1 hit(s), 0 error(s), 1 left on base; San Diego 5 - Bismarck 5
TOP OF THE 7TH
San Diego Smashers batting - Pitching for Bismarck Barons : RHP Neil Birss
Batting: LHB Michael Myers 0-0: Called Strike
0-1: Ball
1-1: Ball
2-1: Ground out 4-3 (Groundball, 34)
Pinch Hitting: LHB Richard Brooks 0-0: Ball
1-0: Ball
2-0: SINGLE (Groundball, 3D)
Batting: LHB Ethan Shaw 0-0: Ball
1-0: Fly out, F8 (Flyball, 8LS)
Batting: RHB Fred Ameris 0-0: Ball
1-0: Called Strike
1-1: Ball
2-1: SINGLE (Groundball, 56D)
Richard Brooks to second
Pinch Hitting: LHB John White 0-0: Called Strike
0-1: Foul Ball, location: 2F
0-2: Ball
1-2: Ball
2-2: Strikes out swinging
Top of the 7th over - 0 run(s), 2 hit(s), 0 error(s), 2 left on base; San Diego 5 - Bismarck 5
BOTTOM OF THE 7TH
Bismarck Barons batting - Pitching for San Diego Smashers : RHP Norberto Deleón
Now at SS: Walt Rodgers
Now in LF: Richard Brooks
Batting: SHB Jeff Chambers 0-0: Called Strike
0-1: Ball
1-1: Ball
2-1: Foul Ball, location: 2F
2-2: Strikes out swinging
Pitching: LHP Mike Stevens
Pinch Hitting: LHB Jesús Bueno 0-0: Ball
1-0: Ball
2-0: Foul Ball, location: 2F
2-1: Foul Ball, location: 2F
2-2: Strikes out looking
Pitching: LHP Alejandro Flores
Batting: LHB José Martínez 0-0: Foul Ball, location: 2F
0-1: Swinging Strike
0-2: Ball
1-2: Ball
2-2: Strikes out swinging
Bottom of the 7th over - 0 run(s), 0 hit(s), 0 error(s), 0 left on base; San Diego 5 - Bismarck 5
TOP OF THE 8TH
San Diego Smashers batting - Pitching for Bismarck Barons : RHP Neil Birss
Now in LF: Jesús Bueno
Batting: SHB Michael Aisher 0-0: Ball
1-0: Foul Ball, location: 2F
1-1: Swinging Strike
1-2: Strikes out swinging
Batting: RHB John Nelson 0-0: Fly out, F2 (Popup, 25)
Pinch Hitting: LHB Jaime Icaza 0-0: Called Strike
0-1: Swinging Strike
0-2: Strikes out swinging
Top of the 8th over - 0 run(s), 0 hit(s), 0 error(s), 0 left on base; San Diego 5 - Bismarck 5
BOTTOM OF THE 8TH
Bismarck Barons batting - Pitching for San Diego Smashers : LHP Alejandro Flores
Now in CF: Jaime Icaza
Batting: RHB Jon Krohne 0-0: Called Strike
0-1: Ball
1-1: Ball
2-1: Ball
3-1: Called Strike
3-2: Fly out, F5 (Flyball, 5D)
Pinch Hitting: RHB Seiji Kouno 0-0: Fly out, F9 (Flyball, 89M)
Batting: RHB Pancho Torres 0-0: Ball
1-0: Ground out 1-3 (Groundball, P)
Bottom of the 8th over - 0 run(s), 0 hit(s), 0 error(s), 0 left on base; San Diego 5 - Bismarck 5
TOP OF THE 9TH
San Diego Smashers batting - Pitching for Bismarck Barons : RHP Neil Birss
Pitching: LHP Christiano Gomes
Now in RF: Seiji Kouno
Batting: RHB Dave King 0-0: Ball
1-0: Ball
2-0: Ball
3-0: Called Strike
3-1: DOUBLE (Flyball, 7LM)
Batting: LHB Michael Myers 0-0: Ball
1-0: Foul Ball, location: 2F
1-1: Foul Ball, location: 2F
1-2: Ball
2-2: Ball
3-2: Base on Balls
Batting: LHB Richard Brooks 0-0: Called Strike
0-1: Foul Ball, location: 2F
0-2: Ball
1-2: Foul Ball, location: 2F
1-2: SINGLE (Groundball, 6MD)
Dave King to third
Michael Myers to second
Batting: LHB Ethan Shaw 0-0: Ball
1-0: Grounds into fielders choice 4-2 (Groundball, 34)
Michael Myers to third
Richard Brooks to second
Batting: RHB Fred Ameris 0-0: Ball
1-0: Foul Ball, location: 2F
1-1: Swinging Strike
1-2: Strikes out looking
Batting: SHB Walt Rodgers 0-0: Ball
1-0: Swinging Strike
1-1: Swinging Strike
1-2: Strikes out swinging
Top of the 9th over - 0 run(s), 2 hit(s), 0 error(s), 3 left on base; San Diego 5 - Bismarck 5
BOTTOM OF THE 9TH
Bismarck Barons batting - Pitching for San Diego Smashers : LHP Alejandro Flores
Batting: SHB Álex Hernández 0-0: Ground out 6-3 (Groundball, 6)
Batting: RHB Mark Roy 0-0: Ball
1-0: Ball
2-0: Ball
3-0: Called Strike
3-1: Called Strike
3-2: Foul Ball, location: 2F
3-2: DOUBLE (Line Drive, 7LS)
Batting: RHB Fernando Castellanos 0-0: Intentional Walk
Batting: SHB Jeff Chambers 0-0: Ball
1-0: Grounds into double play, 6-4-3 (Groundball, 6)
Bottom of the 9th over - 0 run(s), 1 hit(s), 0 error(s), 1 left on base; San Diego 5 - Bismarck 5
TOP OF THE 10TH
San Diego Smashers batting - Pitching for Bismarck Barons : LHP Christiano Gomes
Batting: SHB Michael Aisher 0-0: Ball
1-0: Called Strike
1-1: Called Strike
1-2: Ball
2-2: Strikes out swinging
Batting: RHB John Nelson 0-0: Called Strike
0-1: Foul Ball, location: 2F
0-2: Reached on error, E5 (Groundball, 56)
Batting: LHB Jaime Icaza 0-0: Called Strike
0-1: Swinging Strike
0-2: Strikes out looking
Batting: RHB Dave King 0-0: Ball
1-0: Called Strike
1-1: Called Strike
1-2: Ball
2-2: Foul Ball, location: 2F
2-2: Foul Ball, location: 2F
2-2: Foul Ball, location: 2F
2-2: Ball
3-2: Base on Balls
Batting: LHB Michael Myers 0-0: Foul Ball, location: 2F
0-1: Ball
1-1: Called Strike
1-2: SINGLE (Line Drive, 6MD)
John Nelson to third
Dave King to second
Runner from 3rd tries for Home, SAFE, no throw
Batting: LHB Richard Brooks 0-0: Called Strike
0-1: Ball
1-1: Swinging Strike
1-2: Foul Ball, location: 2F
1-2: Ball
2-2: Foul Ball, location: 2F
2-2: Fly out, F8 (Flyball, 8LM)
Top of the 10th over - 1 run(s), 1 hit(s), 1 error(s), 2 left on base; San Diego 6 - Bismarck 5
BOTTOM OF THE 10TH
Bismarck Barons batting - Pitching for San Diego Smashers : LHP Alejandro Flores
Pitching: RHP Joe Shoemaker
Batting: LHB Jesús Bueno 0-0: Ball
1-0: Called Strike
1-1: Foul Ball, location: 2F
1-2: SINGLE (Groundball, 34D)
Pinch Runner at 1st Enrique Gasporra:
Batting: LHB José Martínez 0-0: SINGLE (Flyball, 7S)
Enrique Gasporra to second
Batting: RHB Jon Krohne 0-0: DOUBLE (Flyball, 78D)
Enrique Gasporra scores
José Martínez to third
Batting: RHB Seiji Kouno 0-0: Intentional Walk
Pitching: RHP Rick Hernández
Pinch Hitting: LHB Jorge Fernández 0-0: Called Strike
0-1: Swinging Strike
0-2: Ball
1-2: DOUBLE (Line Drive, 8LD)
José Martínez scores
Tuesday, August 8th, 2017 - OOTP Baseball 17.12 Build 75